 Dungeon Sprint DCSS version 0.21-a0-286-g6fcecc0 (webtiles) character file.

31126 potatolord6000 the Tortoise (level 13, -17/136 HPs)
             Began as a Deep Dwarf Fighter on Sept 26, 2017.
             Was the Champion of Nemelex Xobeh.
             Demolished by a sun demon (18 damage)
             ... summoned by the player character
             ... in the Dungeon (Sprint VII: "The Pits").
             The game lasted 00:20:26 (2459 turns).

potatolord6000 the Tortoise (Deep Dwarf Fighter)    Turns: 2459, Time: 00:20:27

Health: -17/136    AC: 33    Str: 28    XL:     13   Next: 24%
Magic:  19/19      EV:  8    Int: 11    God:    Nemelex Xobeh [******]
Gold:   23         SH: 19    Dex: 15    Spells: 39/39 levels left

rFire    . . .     SeeInvis .   h - +5 broad axe
rCold    + . .     Gourm    .   c - +3 shield
rNeg     . . .     Faith    .   A - +5 plate armour
rPois    +         Spirit   .   g - +1 helmet
rElec    .         Reflect  .   z - +1 cloak {rPois}
rCorr    .         Harm     .   y - +1 pair of gloves of the Maze {rC+ MR- Int+2 Stlth+}
MR       .....     NoTele   +   r - +1 pair of boots
Stlth    ..........             (no amulet)
HPRegen  0.00/turn              t - +3 ring of dexterity
MPRegen  0.16/turn              u - +3 ring of strength

@: non-regenerating
A: damage resistance, heal wounds, low mp 1, sense surroundings 2, no
regeneration
a: Heal Wounds, Triple Draw, Deal Four, Stack Five, Renounce Religion


You were in the Dungeon.
You worshipped Nemelex Xobeh.
Nemelex Xobeh was exalted by your worship.
You were not hungry.

You visited 1 branch You collected 23 gold pieces.

Inventory:

Hand Weapons
 h - a +5 broad axe (weapon)
Armour
 c - a +3 shield (worn)
 g - a +1 helmet (worn)
 r - a +1 pair of boots (worn)
 y - the +1 pair of gloves of the Maze (worn) {rC+ MR- Int+2 Stlth+}
   (You found it in the Dungeon)

   It affects your intelligence (+2).
   It protects you from cold.
   It affects your resistance to hostile enchantments.
   It makes you more stealthy.
 z - a +1 cloak of poison resistance (worn)
 A - a +5 plate armour (worn)
Jewellery
 t - a +3 ring of dexterity (left hand)
 u - a +3 ring of strength (right hand)
 J - a +2 ring of intelligence
Scrolls
 m - 5 scrolls of remove curse
 n - 6 scrolls of amnesia
 o - a scroll of summoning
 B - 2 scrolls of recharging
 C - 3 scrolls of identify
 D - 2 scrolls of fog
Potions
 d - 2 potions of might
 e - 7 potions of curing
 i - 4 potions of magic
 j - 4 potions of berserk rage
 l - 2 potions of invisibility
 s - a potion of lignification {unknown}
 v - 4 potions of brilliance
 w - 6 potions of agility
 x - a potion of haste
 G - a potion of resistance
Miscellaneous
 a - an ornate deck of summoning
 b - an ornate deck of destruction {drawn: 4}
 k - a plain deck of summoning
 E - an ornate deck of summoning
 H - a legendary deck of destruction
 I - a legendary deck of summoning
Comestibles
 f - 12 bread rations
 p - 41 fruits
 q - 5 meat rations


   Skills:
 + Level 14.7 Fighting
 + Level 16.9 Axes
 + Level 17.1 Armour
 + Level 17.0 Shields
 + Level 13.5 Spellcasting


You had 39 spell levels left.
You didn't know any spells.

Dungeon Overview and Level Annotations

Branches:
Dungeon (1/1)

Altars:
Ashenzari
Cheibriados
Dithmenos
Elyvilon
Fedhas
Gozag
Hepliaklqana
Kikubaaqudgha
Makhleb
Nemelex Xobeh
Okawaru
Qazlal
Ru
Sif Muna
Trog
Uskayaw
Vehumet
Wu Jian
Xom
Yredelemnul
Zin
The Shining One
Beogh
Jiyva
Lugonu


Innate Abilities, Weirdness & Mutations

You are resistant to damage.
You can heal yourself by infusing magical energy.
You passively map the area around you.
You do not regenerate.
Your magical capacity is low. (-10% MP)


Message History

You swap places.
You hear a shout! x3
Your air elemental closely misses the sun demon.
Your air elemental hits the sun demon.
The ice dragon breathes frost at you. The blast of cold hits you! You resist.
* * * LOW HITPOINT WARNING * * *
Your rakshasa hits the ice dragon from afar with a trident!
The ice dragon dies!
The ice dragon's corpse disappears in a puff of smoke!
The yellow draconian throws acid at you.
The glob of acid hits you!
* * * LOW HITPOINT WARNING * * *
You are splashed with acid!
The acid burns!
* * * LOW HITPOINT WARNING * * *
The sun demon hits you!
* * * LOW HITPOINT WARNING * * *
You are engulfed in flames!!
You die...
Your body glows with a rainbow of weird colours and disappears.

* , , * ,,,, , , , ,
##### ,* ,,, ,,, ..... *
, , , ,.dy , , *, * +##
##§##### * * , ,
,....#)§§.§§######++## ,
,,..Oo§§§§)§§##.........
,*
...o§§..).R##......... ,
...o#§§D@8§[§}.#....#..
,
)).,#§.E3D§RR..........#
* #
*#########..........# *
* * #######..#....#..# ,
.....''..........# , , ,
, .....''..........# * *
###..##..#....#..# *,
*,* #..*#..........+ * ,
*#. *#..........++


You could see a yellow draconian, an ogre mage, a sun demon, a hornet, an orc
warrior, an orc wizard, a friendly iron golem, 2 friendly fire dragons, 3
friendly rakshasas and a friendly air elemental.

Vanquished Creatures
  An apis (D)
  A black draconian (D)
  Snorg (D)
  A deep elf knight (D)
  A sixfirhy (D)
  A shadow wraith (D)
  A spriggan druid (D)
  A swamp dragon (D)
  A flayed ghost (D)
  Pikel (D)
  A lindwurm (D)
  A wolf spider (D)
  An orc knight (D)
  A merfolk siren (D)
  A smoke demon (D)
  An elephant (D)
  A spiny frog (D)
  A gargoyle (D)
  A komodo dragon (D)
  A freezing wraith (D)
  2 guardian mummies (D)
  A troll (D)
  A red devil (D)
  A jumping spider (D)
  2 hornets (D)
  3 polar bears (D)
  3 blink frogs (D)
  A tarantella (D)
  3 redbacks (D)
  A shadow (D)
  3 wraiths (D)
  2 vampire mosquitoes (D)
  A steam dragon (D)
  2 wargs (D)
  Edmund (D)
  A floating eye (D)
  8 wolves (D)
  2 gnoll sergeants (D)
  A jelly (D)
  An orc priest (D)
  An orc wizard (D)
  A mummy (D)
  5 gnolls (D)
  A river rat (D)
  2 ufetubi (D)
  An ooze (D)
  A dart slug (D)
  A leopard gecko (D)
  9 orcs (D)
  A bat (D)
  A bat zombie (D)
  2 goblins (D)
  A hobgoblin (D)
  7 jackals (D)
  2 quokkas (D)
96 creatures vanquished.

Vanquished Creatures (collateral kills)
  3 orc warlords (D)
  A ghost moth (D)
  Josephine (D)
  2 great orbs of eyes (D)
  2 vault guards (D)
  A hydra (D)
  2 naga warriors (D)
  An anaconda (D)
  3 two-headed ogres (D)
  4 death yaks (D)
  An orc high priest (D)
  3 deep elf knights (D)
  4 skeletal warriors (D)
  A wizard (D)
  A deep troll (shapeshifter) (D)
  2 deep elf magi (D)
  A manticore (D)
  10 orc knights (D)
  A spiny frog (D)
  A hellwing (D)
  A jumping spider (D)
  A hornet (D)
  A wraith (D)
  2 spriggans (D)
  An air elemental (D)
  Grum (D)
  3 yaks (D)
  2 wargs (D)
  4 orc warriors (D)
  An ogre (D)
  5 wolves (D)
  An orc priest (D)
  An orc wizard (D)
  A river rat (D)
  6 orcs (D)
  3 jackals (D)
  A frilled lizard (D)
  A quokka simulacrum (D)
81 creatures vanquished.

Vanquished Creatures (others)
  A slave (D)
  A necrophage (D)
  A gnoll (D)
3 creatures vanquished.

Grand Total: 180 creatures vanquished

Notes
Turn   | Place    | Note
-------+----------+-------------------------------------------
     0 | D        | potatolord6000 the Deep Dwarf Fighter began the quest for the Orb.
     0 | D        | Reached XP level 1. HP: 20/20 MP: 1/1
    48 | D        | Found a bloodstained altar of Trog.
    48 | D        | Found a deep blue altar of Sif Muna.
    48 | D        | Found a viscous altar of Jiyva.
    48 | D        | Found a hazy altar of Hepliaklqana.
    48 | D        | Found an opulent altar of Gozag.
    49 | D        | Found a glowing golden altar of the Shining One.
    49 | D        | Found a glowing silver altar of Zin.
    49 | D        | Found a basalt altar of Yredelemnul.
    49 | D        | Found a shimmering altar of Xom.
    49 | D        | Found an ornate altar of the Wu Jian Council.
    49 | D        | Found a sacrificial altar of Ru.
    49 | D        | Found a stormy altar of Qazlal.
    49 | D        | Found an iron altar of Okawaru.
    49 | D        | Found a sparkling altar of Nemelex Xobeh.
    49 | D        | Found a burning altar of Makhleb.
    49 | D        | Found a blossoming altar of Fedhas.
    49 | D        | Found a white marble altar of Elyvilon.
    49 | D        | Found a shadowy altar of Dithmenos.
    49 | D        | Found a snail-covered altar of Cheibriados.
    52 | D        | Found a corrupted altar of Lugonu.
    52 | D        | Found a radiant altar of Vehumet.
    52 | D        | Found a roughly hewn altar of Beogh.
    53 | D        | Found an ancient bone altar of Kikubaaqudgha.
    53 | D        | Found a hide-covered altar of Uskayaw.
    53 | D        | Found a shattered altar of Ashenzari.
    70 | D        | Became a worshipper of Nemelex Xobeh the Trickster
    85 | D        | Received a gift from Nemelex Xobeh
    87 | D        | Reached skill level 1 in Spellcasting
    88 | D        | Reached XP level 2. HP: 28/28 MP: 3/3
   139 | D        | Reached XP level 3. HP: 19/34 MP: 5/5
   153 | D        | Reached skill level 5 in Armour
   167 | D        | Reached * piety under Nemelex Xobeh
   442 | D        | Noticed a slave
   442 | D        | Noticed a slave
   443 | D        | Noticed Pikel
   444 | D        | Noticed a slave
   453 | D        | Noticed a slave
   478 | D        | Killed Pikel
   478 | D        | Reached skill level 5 in Spellcasting
   478 | D        | Reached XP level 4. HP: 34/49 MP: 6/10
   478 | D        | Reached XP level 5. HP: 39/56 MP: 6/11
   478 | D        | Reached XP level 6. HP: 44/63 MP: 7/13
   478 | D        | Reached XP level 7. HP: 49/70 MP: 7/14
   630 | D        | Noticed a smoke demon
   648 | D        | Killed a smoke demon
   651 | D        | Received a gift from Nemelex Xobeh
   667 | D        | Reached XP level 8. HP: 46/81 MP: 16/16
   733 | D        | Reached ** piety under Nemelex Xobeh
   733 | D        | Noticed Edmund
   733 | D        | Noticed a komodo dragon
   733 | D        | Noticed a polar bear
   745 | D        | Killed a komodo dragon
   755 | D        | Killed Edmund
   764 | D        | Killed a polar bear
   764 | D        | Reached skill level 10 in Armour
  1068 | D        | Received a gift from Nemelex Xobeh
  1085 | D        | Received a gift from Nemelex Xobeh
  1090 | D        | Reached *** piety under Nemelex Xobeh
  1091 | D        | Noticed a spiny frog
  1091 | D        | an eye of draining changed into a spiny frog
  1095 | D        | Reached skill level 10 in Shields
  1099 | D        | Killed a spiny frog
  1099 | D        | Reached skill level 10 in Axes
  1113 | D        | Noticed a red devil
  1113 | D        | Noticed a hornet
  1113 | D        | Noticed a gargoyle
  1122 | D        | Killed a hornet
  1125 | D        | Killed a gargoyle
  1125 | D        | Gained mutation: You passively map the area around you. [Deep Dwarf growth]
  1125 | D        | Reached XP level 9. HP: 76/91 MP: 19/19
  1127 | D        | Killed a red devil
  1134 | D        | Noticed a lindwurm
  1134 | D        | Noticed a jumping spider
  1134 | D        | Noticed a jumping spider
  1142 | D        | Killed a lindwurm
  1153 | D        | Killed a jumping spider
  1153 | D        | Reached skill level 10 in Fighting
  1160 | D        | Killed a jumping spider
  1161 | D        | Noticed a guardian mummy
  1161 | D        | Noticed a polar bear
  1173 | D        | Killed a guardian mummy
  1173 | D        | Reached XP level 10. HP: 26/102 MP: 21/21
  1209 | D        | Noticed an elephant
  1229 | D        | Killed an elephant
  1246 | D        | Reached **** piety under Nemelex Xobeh
  1246 | D        | Received a gift from Nemelex Xobeh
  1269 | D        | Noticed a spriggan druid
  1278 | D        | Killed a spriggan druid
  1288 | D        | Noticed a swamp dragon
  1298 | D        | Killed a swamp dragon
  1338 | D        | Reached skill level 10 in Spellcasting
  1340 | D        | Noticed a sixfirhy
  1347 | D        | Killed a sixfirhy
  1347 | D        | Paralysed by a floating eye for 4 turns
  1353 | D        | Noticed a merfolk siren
  1353 | D        | Reached XP level 11. HP: 41/111 MP: 20/20
  1421 | D        | Received a gift from Nemelex Xobeh
  1424 | D        | Reached ***** piety under Nemelex Xobeh
  1428 | D        | Received a gift from Nemelex Xobeh
  1574 | D        | Received a gift from Nemelex Xobeh
  1574 | D        | Noticed a flayed ghost
  1587 | D        | Killed a flayed ghost
  1627 | D        | Noticed Josephine
  1638 | D        | Killed Josephine
  1656 | D        | Received a gift from Nemelex Xobeh
  1660 | D        | Noticed a wolf spider
  1667 | D        | Killed a wolf spider
  1682 | D        | Noticed an anaconda
  1687 | D        | Noticed an orc high priest
  1703 | D        | Killed an anaconda
  1715 | D        | Killed an orc high priest
  1746 | D        | Received a gift from Nemelex Xobeh
  1746 | D        | Noticed Grum
  1748 | D        | Noticed an orc knight
  1764 | D        | Killed an orc knight
  1765 | D        | Killed Grum
  1797 | D        | Noticed a great orb of eyes
  1798 | D        | Received a gift from Nemelex Xobeh
  1803 | D        | Killed a great orb of eyes
  1826 | D        | Noticed a great orb of eyes
  1826 | D        | Received a gift from Nemelex Xobeh
  1833 | D        | Killed a great orb of eyes
  1837 | D        | Reached skill level 15 in Armour
  1881 | D        | Reached ****** piety under Nemelex Xobeh
  1881 | D        | Noticed a death yak
  1881 | D        | Noticed a death yak
  1881 | D        | Noticed a death yak
  1881 | D        | Noticed a death yak
  1882 | D        | Noticed an orc knight
  1882 | D        | Noticed an orc knight
  1882 | D        | Noticed an orc knight
  1883 | D        | Noticed an orc knight
  1883 | D        | Noticed an orc warlord
  1883 | D        | Noticed an orc warlord
  1886 | D        | Noticed a deep elf knight
  1886 | D        | Noticed an orc knight
  1888 | D        | Noticed an orc knight
  1888 | D        | Noticed an orc knight
  1889 | D        | Noticed an orc knight
  1889 | D        | Killed a death yak
  1889 | D        | Reached skill level 15 in Shields
  1889 | D        | Reached XP level 12. HP: 90/123 MP: 20/20
  1892 | D        | Killed a death yak
  1898 | D        | Killed a death yak
  1899 | D        | Noticed a naga warrior
  1903 | D        | Reached skill level 15 in Axes
  1925 | D        | Killed an orc warlord
  1927 | D        | Killed an orc warlord
  1929 | D        | Killed a death yak
  1971 | D        | Killed a naga warrior
  2004 | D        | Noticed an apis
  2022 | D        | Gained mutation: Your magical capacity is low. (-10% MP) [a neqoxec]
  2027 | D        | Killed an apis
  2039 | D        | Received a gift from Nemelex Xobeh
  2043 | D        | Noticed a vault guard
  2045 | D        | Noticed a vault guard
  2049 | D        | Killed a ghost moth
  2049 | D        | Received a gift from Nemelex Xobeh
  2059 | D        | Killed a vault guard
  2066 | D        | Killed a vault guard
  2085 | D        | Found the +6 shillelagh "Devastator" {shatter}
  2146 | D        | Noticed a naga warrior
  2154 | D        | Killed a naga warrior
  2184 | D        | Received a gift from Nemelex Xobeh
  2201 | D        | Got the +1 pair of gloves of the Maze {rC+ MR- Int+2 Stlth+}
  2225 | D        | Received a gift from Nemelex Xobeh
  2340 | D        | Received a gift from Nemelex Xobeh
  2343 | D        | Received a gift from Nemelex Xobeh
  2358 | D        | Noticed a six-headed hydra
  2358 | D        | Noticed an orc warlord
  2363 | D        | Killed a six-headed hydra
  2371 | D        | Killed an orc warlord
  2371 | D        | Reached XP level 13. HP: 136/136 MP: 19/19
  2428 | D        | Received a gift from Nemelex Xobeh
  2428 | D        | Noticed Snorg
  2434 | D        | Noticed a black draconian
  2438 | D        | Killed Snorg
  2442 | D        | Killed a black draconian
  2452 | D        | Noticed a yellow draconian
  2456 | D        | Noticed an apis
  2459 | D        | HP: 1/136 [sun demon[the player character] (12)]
  2459 | D        | Demolished by a sun demon

Vault maps used:
D:        pitsprint

Skill      XL: |  1  2  3  4  5  6  7  8  9 10 11 12 13 |
---------------+----------------------------------------+-----
Fighting       | 3 6 7 9 10 11 12 14 | 14.7
Spellcasting   | 1 5 6 7 8 10 11 13 | 13.5
Axes           | 3 7 8 10 11 13 14 16 | 16.9
Armour         | 4 8 9 10 12 13 15 16 17 | 17.1
Shields        | 4 8 9 10 11 13 15 16 17 | 17.0

Action                   |  1- 3 |  4- 6 |  7- 9 | 10-12 | 13-15 || total
-------------------------+-------+-------+-------+-------+-------++-------
Melee: War axe           |    72 |       |    79 |       |       ||   151
       Broad axe         |       |       |    33 |   174 |    16 ||   223
Invok: Triple Draw       |       |       |       |     1 |       ||     1
 Abil: Heal Wounds       |     2 |       |     1 |    20 |       ||    23
Evoke: Deck              |       |       |     8 |    57 |     4 ||    69
  Use: Potion            |     1 |       |     4 |     8 |       ||    13
       Scroll            |       |       |       |     5 |       ||     5
 Stab: Distracted        |       |       |     1 |       |     3 ||     4
  Eat: Meat ration       |       |       |     2 |       |       ||     2
Armor: Scale mail        |    13 |       |       |       |       ||    13
       Plate armour      |    26 |       |    85 |   162 |    16 ||   289
Dodge: Dodged            |    19 |       |    36 |    56 |     6 ||   117
Block: Shield            |    39 |       |   100 |   216 |    22 ||   377

Table legend:
 A = Spawn XP
 B = Non-spawn XP
 C = Spawn XP percentage of total XP
 D = Spawn monster count
 E = Non-spawn monster count
 F = Spawn count percentage of total count
 G = Total turns spent on level
                    A         B        C        D         E        F      G
               +---------+---------+-------+---------+---------+-------+---------
         Total |       0 |   44466 |   0.0 |       0 |     178 |   0.0 |  2459
               +---------+---------+-------+---------+---------+-------+---------
             D |       0 |   44466 |   0.0 |       0 |     178 |   0.0 |  2459
               +---------+---------+-------+---------+---------+-------+---------
